Map: Ley Lines

Players

VITRyung (Ryung)

  • Race: Terran Terran
  • Spawn Location: 1:00

VITmaru (Maru) - Winner!

  • Race: Terran Terran
  • Spawn Location: 7:00

Event: HomeStory Cup XXVI

VOD

Have the link to the VOD?

Description

Time

  • Played on: Dec. 1, 2024, 8 a.m.
  • Length: 6:02

All games in this series

Show
View Real Time Build Order
Export as new Build Order

VITRyung Terran 

Build Orders:  

Get SALT Encoding   

  12  0:00  SCV  
  13  0:12  SCV  
  14  0:17  Supply Depot  
  14  0:24  SCV  
  15  0:38  SCV  
  15  0:40  Barracks  
  16  0:45  Refinery  
  16  0:56  Barracks  
  16  0:59  SCV  
  17  1:11  SCV  
  17  1:13  Refinery  
  18  1:24  SCV  
  19  1:28  Supply Depot, Reaper  
  20  1:41  Orbital Command  
  20  1:46  Reaper  
  21  2:00  Reaper  
  22  2:06  SCV  
  23  2:12  Factory  
  23  2:18  SCV  
  23  2:20  Reaper  
  25  2:30  SCV  
  26  2:39  Reaper  
  27  2:46  Command Center  
  27  2:51  Supply Depot  
  27  2:54  Reaper  
  27  2:57  Hellion  
  30  3:02  SCV  
  30  3:13  Reaper  
  30  3:14  SCV  
  30  3:19  Hellion  
  31  3:26  SCV  
  32  3:27  Starport  
  32  3:40  SCV  
  35  3:41  Factory Tech Lab  
  35  3:47  Hellion  
  35  3:50  Barracks Reactor  
  35  3:52  SCV  
  36  4:01  Orbital Command  
  36  4:04  SCV  
  36  4:05  Starport Tech Lab  
  36  4:09  Refinery  
  37  4:10  Factory Tech Lab  
  37  4:16  SCV  
  38  4:26  Raven  
  38  4:28  Marine  
  38  4:29  Marine, Cyclone  
  38  4:30  SCV  
  38  4:31  SCV  
  47  4:42  SCV, Command Center  
  47  4:43  SCV  
  49  4:50  Interference Matrix  
  51  4:54  Supply Depot  
  51  4:58  SCV x2  
  53  5:04  Raven  
  53  5:13  SCV  
  54  5:16  Supply Depot, Siege Tank, SCV  
  57  5:25  SCV  
  58  5:33  Marine  
  58  5:34  SCV, Marine  
  57  5:38  SCV  
  55  5:49  SCV  
  53  5:50  SCV  
Show
View Real Time Build Order
Export as new Build Order

VITmaru Terran - Winner!

Build Orders:  

Get SALT Encoding   

  12  0:00  SCV  
  13  0:12  SCV  
  14  0:17  Supply Depot  
  14  0:24  SCV  
  15  0:38  SCV  
  15  0:40  Barracks  
  16  0:42  Refinery  
  16  0:50  SCV  
  16  0:52  Refinery  
  17  1:03  SCV  
  18  1:15  SCV  
  19  1:27  Orbital Command, Reaper  
  19  1:31  Supply Depot  
  20  1:41  Factory  
  20  1:53  SCV  
  21  1:59  Reaper  
  22  2:05  SCV  
  23  2:17  SCV  
  23  2:19  Command Center  
  24  2:26  Hellion  
  24  2:29  SCV  
  27  2:33  Reaper  
  27  2:36  Supply Depot  
  27  2:41  SCV  
  28  2:48  Hellion  
  30  2:53  SCV  
  31  2:59  Starport  
  31  3:06  Reaper  
  31  3:08  SCV  
  32  3:14  Hellion  
  34  3:21  SCV  
  35  3:33  SCV  
  36  3:36  Starport Tech Lab  
  36  3:41  Barracks Reactor  
  36  3:43  Factory Tech Lab  
  36  3:45  SCV  
  37  3:55  SCV, Banshee  
  41  3:57  SCV  
  41  4:02  Cyclone  
  45  4:07  Orbital Command  
  45  4:09  SCV  
  46  4:13  Refinery  
  46  4:14  Supply Depot  
  46  4:18  Marine x2  
  46  4:22  SCV  
  49  4:33  SCV  
  49  4:34  Siege Tank  
  49  4:37  Marine x2  
  55  4:40  SCV  
  55  4:44  Supply Depot  
  58  4:45  Raven  
  58  4:47  SCV  
  58  4:52  Interference Matrix, SCV  
  60  4:55  Marine x2  
  62  5:05  Supply Depot  
  62  5:06  SCV x2  
  64  5:08  Siege Tank  
  67  5:18  SCV x2  
  69  5:25  Command Center  
  67  5:30  SCV x2  
  67  5:33  Marine x2  
  68  5:42  SCV x2  
  69  5:57  Barracks  
  69  5:59  Barracks  
Tags
 
Matchup
TvT
Player
MaruRyung
Race
Terran
Spawn Locations
Cross Positions
Add a new tag
Caveats
  • Supply blocks, unpowered buildings, or Contaminate may cause inaccurate times.
  • Supply counts are checked every 10 seconds.